 Dungeon Crawl Stone Soup version 0.22-a0-48-g8770677 (webtiles) character file.

117458 Gildeon the Severer (level 16, -11/147 HPs)
             Began as a Minotaur Fighter on Dec 26, 2017.
             Killed from afar by Nikola (28 damage)
             ... with a chain lightning
             ... on level 2 of the Shoals on Jan 7, 2018.
             The game lasted 03:35:13 (25318 turns).

Gildeon the Severer (Minotaur Fighter)             Turns: 25318, Time: 03:35:14

Health: -11/147    AC: 19    Str: 23    XL:     16   Next: 23%
Magic:  26/28      EV: 18    Int: 12    God:    Xom [....*.]
Gold:   674        SH:  6    Dex: 19    Spells: 5/34 levels left

rFire    . . .     SeeInvis +   B - +4 battleaxe (elec)
rCold    . . .     Gourm    .   (shield currently unavailable)
rNeg     . . .     Faith    .   i - +5 scale mail "Falene Numu" {MR+ Regen+}
rPois    .         Spirit   .   (helmet unavailable)
rElec    .         Reflect  .   P - +2 cloak
rCorr    .         Harm     .   n - +0 pair of gloves
MR       ++...                  K - +0 pair of boots
Stlth    ..........             E - amulet of regeneration
HPRegen  1.14/turn              C - +5 ring of dexterity
MPRegen  0.21/turn              L - ring of see invisible

@: very slightly contaminated, invisible
A: retaliatory headbutt, hooves 1, horns 3, large bone plates 2, molten scales
1, blurry vision 1, clever 2, deformed body, robust 1, strong 1, evolution 1
a: Renounce Religion


You were on level 2 of the Shoals.
You worshipped Xom.
You were a beloved toy of Xom.
You were not hungry.

You visited 4 branches of the dungeon, and saw 25 of its levels.
You also visited: Sewer.

You collected 3968 gold pieces.
You spent 3294 gold pieces at shops.

Inventory:

Hand Weapons
 d - a +1 dire flail of flaming
 B - a +4 battleaxe of electrocution (weapon)
Missiles
 e - 22 tomahawks (quivered)
 p - 7 javelins
 v - 8 silver tomahawks
 M - 3 javelins of penetration
 Q - 7 tomahawks of returning
Armour
 h - the +1 ring mail of the Good {rPois MR+}
   (Xom gifted it to you on level 14 of the Dungeon)

   It protects you from poison.
   It affects your resistance to hostile enchantments.
 i - the +5 scale mail "Falene Numu" (worn) {MR+ Regen+}
   (You took it off an orc on level 15 of the Dungeon)

   It affects your resistance to hostile enchantments.
   It increases your rate of regeneration.
 k - a +2 plate armour of fire resistance
 l - a +1 ring mail of cold resistance
 n - a +0 pair of gloves (worn)
 q - a +7 plate armour
 D - a +0 robe of positive energy
 K - a +0 pair of boots (worn)
 P - a +2 cloak (worn)
 S - +1 fire dragon scales
Jewellery
 r - an uncursed ring of ice
 t - an uncursed ring of ice
 C - a +5 ring of dexterity (left hand)
 E - an amulet of regeneration (around neck)
 L - a ring of see invisible (right hand)
 N - an uncursed ring of flight
Wands
 b - a wand of clouds (5)
 z - a wand of iceblast (2)
 J - a wand of digging (27)
Scrolls
 c - 3 scrolls of holy word
 g - 3 scrolls of fear
 o - 2 scrolls of blinking
 u - 11 scrolls of remove curse
 F - 4 scrolls of teleportation
 G - 3 scrolls of fog
Potions
 a - 2 potions of invisibility
 j - 5 potions of curing
 s - a potion of magic
 H - 2 potions of degeneration {unknown}
Books
 w - a Grand Grimoire

   Spells                             Type                      Level
   a - Monstrous Menagerie            Summoning                    7
   b - Summon Greater Demon           Summoning                    7
   c - Malign Gateway                 Summoning/Translocation      7
   d - Summon Horrible Things         Summoning                    8
 I - a book of Transfigurations

   Spells                             Type                      Level
   a - Irradiate                      Conjuration/Transmutation    5
   b - Statue Form                    Transmutation/Earth          6
   c - Hydra Form                     Transmutation                6
   d - Dragon Form                    Transmutation                7
 R - a book of the Warp

   Spells                             Type                      Level
   a - Gell's Gravitas                Translocation                3
   b - Portal Projectile              Hexes/Translocation          3
   c - Force Lance                    Conjuration/Translocation    4
   d - Dispersal                      Translocation                6
   e - Controlled Blink               Translocation                8
   f - Disjunction                    Translocation                8
Miscellaneous
 x - a phial of floods
 y - a lamp of fire
Comestibles
 f - 18 rations
 A - 3 chunks of flesh


   Skills:
 - Level 10.1 Fighting
 - Level 15.9 Axes
 - Level 10.1 Throwing
 - Level 10.0 Armour
 - Level 10.0 Dodging
   Level 3.6 Shields
 - Level 9.6 Spellcasting
 - Level 5.3 Hexes
 + Level 3.7 Charms
 - Level 5.2 Translocations
 - Level 5.7 Ice Magic
 - Level 5.1 Evocations


You had 5 spell levels left.
You knew the following spells:

 Your Spells              Type           Power        Failure   Level  Hunger
a - Corona                Hex            ###....      3%          1    None
b - Confusing Touch       Hex            ###...       3%          1    None
c - Apportation           Tloc           ###...       3%          1    None
d - Blink                 Tloc           N/A          4%          2    None
e - Slow                  Hex            ###.....     4%          2    None
f - Ensorcelled Hibernat  Hex/Ice        ###...       4%          2    None
g - Swiftness             Chrm/Air       ##......     19%         2    None
h - Portal Projectile     Hex/Tloc       ###...       9%          3    ##.....
i - Tukima's Dance        Hex            ###.....     9%          3    ##.....
j - Gell's Gravitas       Tloc           ###.......   9%          3    ##.....
k - Dazzling Spray        Conj/Hex       ##....       26%         3    ##.....
l - Recall                Summ/Tloc      N/A          26%         3    ##.....
m - Confuse               Hex            ###.....     9%          3    ##.....


Dungeon Overview and Level Annotations

Branches:
Dungeon (15/15)            Temple (0/1) D:4            Lair (6/6) D:11
 Shoals (2/4) Lair:2       Spider (0/4) Lair:2        Slime (0/5) Lair:5
    Orc (2/2) D:11            Elf (0/3) Orc:2        Vaults (0/5) D:14
 Depths (0/5) D:15

Altars:
Ashenzari
Cheibriados
Kikubaaqudgha
Makhleb
Okawaru
Qazlal
Xom
Beogh

Shops:
D:9 =   D:11 %   Orc:2 ([*:

Annotations:
D:10 4 runed doors
Lair:6 Kirke
Shoals:2 Nikola


Innate Abilities, Weirdness & Mutations

You reflexively headbutt those who attack you in melee.
You have a pair of large horns on your head.
You have large cloven feet.
You are mostly covered in large bone plates. (SH +6)
You are partially covered in molten scales. (AC +2)
Scrolls take you a little longer to read.
Your mind is very acute. (Int +4)
Armour fits poorly on your strangely shaped body.
You are robust. (+10% HP)
Your muscles are strong. (Str +2)
You evolve.


Message History

You slash Nikola!
Nikola is lightly wounded. "Serve the toy, my child!"
Nikola hits you with a rapier of electrocution!
* * * LOW HITPOINT WARNING * * *
You are electrocuted!
* * * LOW HITPOINT WARNING * * *
You feel much better. Nikola completely misses you. You furiously retaliate!
You headbutt Nikola! You barely miss Nikola.
Nikola is lightly wounded.
Nikola casts a spell.
You hear a mighty clap of thunder!
The lightning arc hits you!
* * * LOW HITPOINT WARNING * * *
The lightning arc hits your white imp.
Your white imp dies!
The lightning arc hits you!
You die...
Xom is highly amused!

P. ##.≈≈≈≈≈≈.≈≈.≈≈≈≈≈
.###Pm≈≈≈≈≈≈≈≈..≈≈...
.....≈≈≈≈≈≈≈≈≈.......
P...≈≈≈..≈≈≈≈...##..
#P.......≈≈≈<.###..
#P........≈......>≈ ..#
##.....##.[.....≈≈≈
.....#.....###.≈..(.≈≈≈≈
.......@............≈≈≈≈
≈.≈≈..@....########..≈≈.
......###### ##.≈≈≈.
.....# #####.≈≈≈≈≈ ....#
##.≈..≈≈≈≈≈≈ ##.#
#.≈≈≈.≈≈≈≈≈≈ #.
##.≈.≈≈.≈≈≈≈≈ .
#...#.≈.≈≈≈≈≈
..###≈≈.##.≈≈≈≈≈≈


You could see Nikola and a merfolk (wandering).

Vanquished Creatures
  Donald (Shoals:1)
  Frances (Shoals:1)
  Aizul (Shoals:1)
  An orc warlord (Orc:2)
  Azrael (D:15)
  Snorg (D:12)
  A merfolk impaler (Shoals:1)
  2 fire dragons (D:15)
  4 vault guards (D:14)
  Fannar (D:12)
  A rakshasa (D:14)
  6 hydras
  A merfolk avatar (Shoals:1)
  2 catoblepae (D:14)
  Erica (D:11)
  3 centaur warriors (D:14)
  4 tengu warriors
  9 two-headed ogres
  5 orc high priests
  A fire crab (D:14)
  2 sea snakes (Shoals:1)
  6 unseen horrors
  A wizard (D:14)
  A wolf spider zombie (D:15)
  6 orc knights
  A cyclops (Shoals:1)
  4 orc sorcerers
  9 ugly things
  2 fauns (Shoals:1)
  2 deep elf magi
  6 black mambas
  4 merfolk sirens (Shoals:1)
  6 manticores
  4 centaur zombies
  9 elephants
  The ghost of Dustman the Skirmisher, a novice BaMo (D:5)
  A spiny frog (shapeshifter) (Lair:3)
  3 gargoyles
  18 spiny frogs
  An efreet (D:14)
  2 redback zombies (D:14)
  A tengu conjurer (D:14)
  8 komodo dragons
  3 tyrant leeches (Lair:6)
  2 hornets
  6 meliai
  A queen bee (D:12)
  7 trolls
  3 merfolk
  23 dream sheep
  31 blink frogs
  12 slime creatures
  A snapping turtle (Shoals:1)
  9 hippogriffs
  Sigmund (D:4)
  2 shadows
  A vampire (D:14)
  4 wyverns
  2 wraiths
  The ghost of anything the Cutter, an amateur TrAs of Dithmenos (D:3)
  3 fire elementals (D:15)
  3 basilisks
  2 water elementals (Shoals:2)
  38 yaks
  4 hogs (Lair:6)
  3 hungry ghosts
  13 vampire mosquitoes
  Menkaure (D:7)
  6 wargs (Orc:2)
  A soldier ant (D:15)
  10 porcupines
  11 water moccasins
  3 black bears
  2 hell hounds (D:15)
  5 ice beasts
  5 sky beasts
  36 orc warriors
  8 ogres
  4 necrophages (Lair:4)
  2 phantoms
  4 boggarts (D:14)
  11 centaurs
  20 wolves
  11 crocodiles
  37 bullfrogs
  3 big kobolds
  A gnoll sergeant (D:8)
  6 scorpions
  18 killer bees
  3 wights (D:11)
  3 howler monkeys
  4 electric eels
  7 crimson imps
  3 bullfrog zombies
  3 quasits
  6 bullfrog skeletons
  3 hounds
  19 orc priests
  5 jellies
  4 centaur skeletons
  7 hell rats (Lair:5)
  7 worker ants
  28 orc wizards
  A hound zombie (D:6)
  A worker ant zombie (D:9)
  Robin (D:2)
  16 adders
  7 gnolls
  2 river rats (Sewer)
  5 shadow imps
  5 oozes
  An adder zombie (D:9)
  An adder skeleton (D:4)
  7 worms
  7 leopard geckos
  86 orcs
  4 ball pythons
  6 giant cockroaches
  11 goblins
  4 hobgoblins
  11 jackals
  13 kobolds
  3 quokkas
  9 bats
  2 frilled lizards
  A jackal zombie (D:6)
  A leopard gecko skeleton (D:6)
  A leopard gecko zombie (D:5)
  14 rats
  4 fungi
  17 plants
868 creatures vanquished.

Vanquished Creatures (collateral kills)
  A yak (D:11)
  A basilisk (D:15)
  3 porcupines
  An orc warrior (Orc:2)
  A crocodile (Lair:5)
  3 killer bees (D:7)
  An orc (D:11)
11 creatures vanquished.

Vanquished Creatures (others)
  A vault guard (D:14)
  A black mamba (Lair:6)
  A troll (D:14)
  A slime creature (D:14)
  A meliai zombie (D:14)
  A shadow (D:14)
  A hornet zombie (D:14)
  4 killer bees (D:12)
  An electric eel (D:12)
  An orc wizard (D:12)
  An iguana (D:12)
  7 orcs
  61 fungi
  36 plants
118 creatures vanquished.

Grand Total: 997 creatures vanquished

Notes
Turn   | Place    | Note
-------+----------+-------------------------------------------
     0 | D:1      | Gildeon the Minotaur Fighter began the quest for the Orb.
     0 | D:1      | Reached XP level 1. HP: 19/19 MP: 0/0
   146 | D:1      | Reached skill level 3 in Axes
   386 | D:1      | Reached XP level 2. HP: 26/26 MP: 1/1
   830 | D:2      | Reached skill level 4 in Axes
   832 | D:2      | Noticed Robin
   845 | D:2      | Killed Robin
   845 | D:2      | Reached XP level 3. HP: 21/31 MP: 2/2
  1037 | D:2      | You fall through a shaft!
  1351 | D:2      | Reached skill level 5 in Axes
  1626 | D:3      | Noticed anything's ghost (amateur TrAs)
  1631 | D:3      | Killed anything's ghost
  1631 | D:3      | Reached skill level 7 in Axes
  1631 | D:3      | Reached XP level 4. HP: 35/39 MP: 3/3
  1631 | D:3      | Reached XP level 5. HP: 40/45 MP: 4/4
  2360 | D:4      | Reached XP level 6. HP: 43/51 MP: 5/5
  2480 | D:4      | Reached skill level 8 in Axes
  2586 | D:4      | Found a shimmering altar of Xom.
  2608 | D:4      | Became a worshipper of Xom of Malicious Giggling
  2616 | D:4      | Noticed Sigmund
  2627 | D:4      | Killed Sigmund
  2627 | D:4      | Reached skill level 9 in Axes
  2627 | D:4      | Reached XP level 7. HP: 45/57 MP: 6/6
  2670 | D:4      | XOM: harmless Summ miscast
  2683 | D:4      | XOM: mild Necr miscast
  2897 | D:4      | Found a staircase to the Ecumenical Temple.
  3048 | D:4      | XOM: divination: detect items
  3052 | D:4      | Reached skill level 10 in Axes
  3088 | D:5      | Entered Level 5 of the Dungeon
  3089 | D:5      | Noticed Dustman's ghost (novice BaMo)
  3097 | D:5      | XOM: cast spell 'Summon Small Mammal'
  3098 | D:5      | XOM: harmless Necr miscast
  3101 | D:5      | XOM: butterfly on damage
  3102 | D:5      | Killed Dustman's ghost
  3102 | D:5      | Reached skill level 11 in Axes
  3102 | D:5      | Reached XP level 8. HP: 32/63 MP: 7/7
  3231 | D:5      | XOM: god gift: 17 stones
  3272 | D:5      | XOM: silly message
  3304 | D:5      | Found a glowing drain.
  3358 | Sewer    | Entered a sewer
  3404 | Sewer    | XOM: silly message
  3975 | Sewer    | XOM is BORED!
  3975 | Sewer    | XOM: mild Chrm miscast
  4029 | Sewer    | Reached skill level 12 in Axes
  4060 | Sewer    | XOM: mild Air miscast
  4062 | Sewer    | XOM: confuse monster(s)
  4314 | D:5      | XOM: noise
  4319 | D:5      | XOM: noise
  4326 | D:5      | Reached skill level 13 in Axes
  4507 | D:5      | Found a shattered altar of Ashenzari.
  4734 | D:5      | XOM: cloud trail
  4888 | D:5      | XOM: give mutation
  4888 | D:5      | Gained mutation: Your body sometimes deteriorates upon taking damage. [Xom's mischief]
  4989 | D:6      | Reached XP level 9. HP: 48/70 MP: 8/8
  4993 | D:6      | XOM: enchant monster (good)
  5158 | D:6      | Reached skill level 14 in Axes
  5505 | D:6      | XOM: god gift: phial of floods
  5619 | D:6      | XOM: give mutations
  5619 | D:6      | Gained mutation: You are clumsy. (Dex -2) [Xom's mischief]
  5619 | D:6      | Gained mutation: Scrolls take you a little longer to read. [Xom's mischief]
  5619 | D:6      | Gained mutation: Scrolls take you longer to read. [Xom's mischief]
  5619 | D:6      | Gained mutation: Your body often deteriorates upon taking damage. [Xom's mischief]
  5642 | D:6      | Reached skill level 5 in Fighting
  5661 | D:6      | Upgraded the game from 0.21-a0-630-g344d351 to 0.21-a0-632-g1e37ce5
  5682 | D:6      | XOM: enchant monster (good)
  5767 | D:6      | XOM: give mutations
  5767 | D:6      | Gained mutation: You have large cloven feet. [Xom's grace]
  5767 | D:6      | Gained mutation: You are robust. (+10% HP) [Xom's grace]
  5767 | D:6      | Gained mutation: You are partially covered in molten scales. (AC +2) [Xom's grace]
  5767 | D:6      | Gained mutation: You are somewhat resistant to further mutation. [Xom's grace]
  5958 | D:7      | Reached skill level 5 in Armour
  5984 | D:7      | Reached skill level 1 in Dodging
  6044 | D:7      | XOM: god gift: glowing battleaxe {god gift}
  6099 | D:7      | Found a burning altar of Makhleb.
  6138 | D:7      | Found an iron altar of Okawaru.
  6157 | D:7      | XOM: scenery: 1 doors open
  6171 | D:7      | XOM: summons 9 friendly demons
  6173 | D:7      | Reached skill level 5 in Dodging
  6402 | D:7      | Noticed Menkaure
  6403 | D:7      | XOM: cleaving
  6410 | D:7      | Killed Menkaure
  6675 | D:7      | Learned a level 1 spell: Corona
  6719 | D:7      | Found an ancient bone altar of Kikubaaqudgha.
  6891 | D:8      | Reached XP level 10. HP: 89/89 MP: 9/9
  6910 | D:8      | Found a stormy altar of Qazlal.
  6992 | D:8      | XOM: give mutation
  6992 | D:8      | Gained mutation: You are partially covered in large bone plates. (SH +4) [Xom's grace]
  7018 | D:8      | Reached skill level 15 in Axes
  7193 | D:8      | Reached skill level 1 in Spellcasting
  7349 | D:8      | XOM: cast spell 'Summon Ice Beast'
  7498 | D:9      | XOM: scenery: create altars
  7523 | D:9      | Noticed a two-headed ogre
  7530 | D:9      | Killed a two-headed ogre
  7710 | D:9      | XOM: mild Fire miscast
  8010 | D:9      | Found Tiyzxatie's Jewellery Emporium.
  8169 | D:10     | Entered Level 10 of the Dungeon
  8240 | D:10     | XOM is BORED!
  8240 | D:10     | XOM: noise
  8255 | D:10     | Found a huge runed gate.
  8256 | D:10     | Found a huge runed gate.
  8279 | D:10     | Found a huge runed gate.
  8279 | D:10     | Found a huge runed gate.
  8350 | D:10     | Learned a level 1 spell: Confusing Touch
  8352 | D:10     | Learned a level 1 spell: Apportation
  8644 | D:10     | Lost mutation: Your body often deteriorates upon taking damage. [potion of mutation]
  8644 | D:10     | Lost mutation: Scrolls take you longer to read. [potion of mutation]
  8644 | D:10     | Gained mutation: You are mostly covered in large bone plates. (SH +6) [potion of mutation]
  8647 | D:10     | Lost mutation: You are somewhat resistant to further mutation. [potion of mutation]
  8647 | D:10     | Gained mutation: Your flesh is heat resistant. (rF+) [potion of mutation]
  8647 | D:10     | Gained mutation: Your mind is acute. (Int +2) [potion of mutation]
  8797 | D:10     | Reached skill level 5 in Spellcasting
  8990 | D:11     | Noticed a purple ugly thing
  8999 | D:11     | Killed a purple ugly thing
  8999 | D:11     | Reached skill level 1 in Hexes
  9004 | D:11     | Killed an unseen horror
  9004 | D:11     | Reached XP level 11. HP: 64/96 MP: 17/17
  9063 | D:11     | XOM: harmless Summ miscast
  9324 | D:11     | Found a staircase to the Lair.
  9346 | D:11     | Noticed an orc knight
  9346 | D:11     | XOM: blink monster(s)
  9348 | D:11     | XOM: enchant monster (bad)
  9353 | D:11     | XOM: summons 3 friendly demons
  9358 | D:11     | Killed an orc knight
  9383 | D:11     | Found a roughly hewn altar of Beogh.
  9385 | D:11     | Found a staircase to the Orcish Mines.
  9598 | D:11     | XOM: scenery: create altars
  9810 | D:11     | Found Hanagil's Food Emporium.
  9923 | D:11     | XOM: 3-stop teleportation journey
  9960 | D:11     | Noticed Erica
  9969 | D:11     | Killed Erica
 10207 | D:11     | XOM: god gift: glowing falchion {god gift}
 10273 | D:11     | XOM: give mutations
 10273 | D:11     | Gained mutation: Your muscles are strong. (Str +2) [Xom's grace]
 10273 | D:11     | Gained mutation: Your spells are a little harder to cast, but a little more powerful. [Xom's grace]
 10324 | D:11     | Reached skill level 5 in Hexes
 10463 | Lair:1   | Entered Level 1 of the Lair of Beasts
 10607 | Lair:1   | XOM: summons 4 friendly demons
 10689 | Lair:1   | Lost mutation: Your flesh is heat resistant. (rF+) [potion of mutation]
 10689 | Lair:1   | Lost mutation: Your spells are a little harder to cast, but a little more powerful. [potion of mutation]
 10689 | Lair:1   | Lost mutation: You are robust. (+10% HP) [potion of mutation]
 10689 | Lair:1   | Gained mutation: You are robust. (+10% HP) [potion of mutation]
 11283 | Lair:2   | XOM: confuse monster(s)
 11309 | Lair:2   | Found a staircase to the Shoals.
 11423 | Lair:2   | XOM: divination: detect creatures
 11447 | Lair:2   | Reached skill level 1 in Throwing
 11633 | Lair:2   | Found a hole to the Spider Nest.
 11721 | Lair:2   | XOM: divination: magic mapping
 11727 | Lair:2   | Reached skill level 5 in Throwing
 11757 | Lair:2   | Reached XP level 12. HP: 96/103 MP: 18/18
 11760 | Lair:2   | Reached skill level 1 in Translocations
 12741 | Lair:3   | XOM: summons 2 friendly demons
 12744 | Lair:3   | XOM: polymorph yak -> shapeshifter
 12764 | Lair:3   | XOM: polymorph orb spider -> spriggan
 12786 | Lair:3   | XOM: scenery: create altars
 12955 | Lair:3   | Reached skill level 5 in Translocations
 12960 | Lair:3   | XOM: scenery: create altars
 12962 | Lair:3   | Reached skill level 1 in Evocations
 13026 | Lair:3   | Noticed a four-headed hydra
 13032 | Lair:3   | XOM: scenery: create altars
 13038 | Lair:3   | Killed a four-headed hydra
 13202 | Lair:3   | XOM: summons 3 friendly demons
 13535 | Lair:3   | XOM: harmless Fire miscast
 13680 | Lair:4   | XOM: cleaving
 13761 | Lair:4   | XOM: fog
 13762 | Lair:4   | Reached skill level 5 in Evocations
 13857 | Lair:4   | XOM: 3-stop teleportation journey
 14177 | Lair:4   | XOM: 4-stop teleportation journey
 14424 | Lair:4   | XOM: noise
 14647 | Lair:5   | Reached XP level 13. HP: 109/122 MP: 19/19
 14667 | Lair:5   | XOM: enchant monster (bad)
 14679 | Lair:5   | XOM: scenery: create altars
 14680 | Lair:5   | XOM: noise
 14684 | Lair:5   | Reached skill level 10 in Fighting
 14743 | Lair:5   | Found a staircase to the Slime Pits.
 14754 | Lair:5   | XOM: enchant monster (bad)
 14975 | Lair:5   | XOM: harmless Tloc miscast
 15039 | Lair:5   | XOM: enchant monster (good)
 15047 | Lair:5   | XOM: destruction
 15100 | Lair:5   | XOM: 3-stop teleportation journey
 15118 | Lair:5   | XOM: repel stairs
 15342 | Lair:5   | XOM: cloud trail
 15369 | Lair:6   | Entered Level 6 of the Lair of Beasts
 15449 | Lair:6   | XOM: noise
 15494 | Lair:6   | XOM: blink monster(s)
 15498 | Lair:6   | XOM: confusion (+ monsters)
 15513 | Lair:6   | XOM: confuse monster(s)
 15567 | Lair:6   | Reached skill level 10 in Throwing
 15687 | Lair:6   | XOM: noise
 15730 | Lair:6   | XOM: 1-stop teleportation journey
 15781 | Lair:6   | XOM: summons 6 hostile demons
 15788 | Lair:6   | Noticed Kirke
 15818 | Lair:6   | XOM: destruction
 15861 | Lair:6   | XOM: swap monsters
 16119 | Lair:6   | Reached XP level 14. HP: 122/133 MP: 20/20
 16335 | Lair:6   | XOM is BORED!
 16335 | Lair:6   | XOM: polymorph spiny frog -> hippogriff
 16429 | Lair:6   | XOM: severe Erth miscast
 16456 | Lair:6   | Reached skill level 10 in Armour
 16852 | Lair:6   | Learned a level 2 spell: Blink
 16855 | Lair:6   | Learned a level 2 spell: Slow
 17015 | D:12     | XOM: medium Erth miscast
 17228 | D:12     | XOM: mild Hex miscast
 17357 | D:12     | XOM: silly message
 17456 | D:12     | XOM: severe Necr miscast
 17457 | D:12     | Noticed a reaper
 17484 | D:12     | XOM: scenery: 1 doors close
 17536 | D:11     | XOM: divination: magic mapping
 17538 | D:11     | XOM: scenery: create altars
 17713 | D:12     | XOM: give mutations
 17713 | D:12     | Gained mutation: You evolve. [Xom's grace]
 17713 | D:12     | Gained mutation: You have a pair of large horns on your head. [Xom's grace]
 18030 | D:12     | Noticed Snorg
 18042 | D:12     | Killed Snorg
 18124 | D:12     | XOM: summons 7 hostile demons
 18231 | D:12     | Noticed Fannar
 18237 | D:12     | XOM: summons 10 friendly demons
 18250 | D:12     | Killed Fannar
 18506 | D:13     | Reached skill level 10 in Dodging
 18528 | D:13     | XOM: summons friendly crimson imp
 18721 | D:13     | XOM is BORED!
 18885 | D:14     | XOM: god gift: lamp of fire
 18890 | D:14     | XOM: scenery: create altars
 19031 | D:14     | XOM: noise
 19113 | D:14     | XOM: noise
 19115 | D:14     | XOM: potion effect (brilliance)
 19128 | D:14     | XOM: divination: detect items
 19174 | D:14     | Learned a level 2 spell: Ensorcelled Hibernation
 19174 | D:14     | Upgraded the game from 0.21-a0-632-g1e37ce5 to 0.21-a0-633-g4c047d5
 19209 | D:14     | Reached skill level 1 in Ice Magic
 19210 | D:14     | XOM: harmless Ice miscast
 19370 | D:14     | XOM: cast spell 'Summon Butterflies'
 19375 | D:14     | XOM: fog
 19387 | D:14     | Gained mutation: You have hoof-like feet. [evolution]
 19405 | D:14     | XOM: cleaving
 19406 | D:14     | XOM: destruction
 19423 | D:14     | XOM: god gift: faintly glowing ring mail {god gift}
 19424 | D:14     | Got a faintly glowing ring mail {god gift}
 19427 | D:14     | XOM: blink monster(s)
 19570 | D:14     | Identified the cursed +1 ring mail of the Good {rPois MR+} (Xom gifted it to you on level 14 of the Dungeon)
 19631 | D:14     | Reached XP level 15. HP: 138/138 MP: 23/23
 19649 | D:14     | XOM: summons 4 friendly demons
 19658 | D:14     | XOM: noise
 19666 | D:14     | XOM: divine lightning
 19687 | D:14     | XOM: summons 2 hostile demons
 19693 | D:14     | XOM: divination: detect items
 19696 | D:14     | Reached skill level 5 in Ice Magic
 19697 | D:14     | XOM: smoke on damage
 19704 | D:14     | XOM: enchant monster (good)
 19868 | D:14     | Found a gate to the Vaults.
 19879 | D:14     | XOM: cloud trail
 20111 | D:14     | XOM: cloud trail
 20230 | D:14     | XOM: enchant monster (bad)
 20351 | D:14     | XOM: cast spell 'Summon Small Mammal'
 20385 | D:14     | XOM: summons friendly ufetubus
 20394 | D:14     | XOM: potion effect (agility)
 20396 | D:14     | XOM: enchant monster (good)
 20621 | D:14     | XOM: silly message
 20681 | D:14     | XOM: divination: detect creatures
 20721 | D:14     | XOM: enchant monster (good)
 20849 | D:14     | XOM: god gift: 57 gold pieces
 21049 | D:15     | Entered Level 15 of the Dungeon
 21159 | D:15     | Found a snail-covered altar of Cheibriados.
 21278 | D:15     | Got a jewelled scale mail
 21298 | D:15     | XOM: harmless Chrm miscast
 21299 | D:15     | XOM: potion effect (berserk rage)
 21358 | D:15     | Identified the +5 scale mail "Falene Numu" {MR+ Regen+} (You took it off an orc on level 15 of the Dungeon)
 21369 | D:15     | Noticed Azrael
 21386 | D:15     | Killed Azrael
 21472 | D:15     | XOM: god gift: 32 gold pieces
 21565 | D:15     | XOM: cast spell 'Summon Hydra'
 21636 | D:15     | Upgraded the game from 0.21-a0-633-g4c047d5 to 0.21-a0-634-gaf8bc5d
 21703 | D:15     | Found a staircase to the Depths.
 21933 | D:15     | XOM: cleaving
 22344 | Orc:1    | Entered Level 1 of the Orcish Mines
 22468 | Orc:1    | XOM: 5-stop teleportation journey
 22479 | Orc:1    | XOM: polymorph gnoll sergeant -> scorpion
 22496 | Orc:1    | Paralysed by an orc sorcerer for 3 turns
 22545 | Orc:1    | XOM: harmless Erth miscast
 22909 | Orc:2    | Entered Level 2 of the Orcish Mines
 22909 | Orc:2    | Found Bakikeod's General Store.
 22912 | Orc:2    | XOM: potion effect (might)
 23051 | Orc:2    | XOM: polymorph orange demon -> red devil
 23056 | Orc:2    | Noticed an orc warlord
 23066 | Orc:2    | XOM: scenery: create altars
 23080 | Orc:2    | Killed an orc warlord
 23131 | Orc:2    | XOM: god gift: 1030 gold pieces
 23207 | Orc:2    | XOM: summons 7 friendly demons
 23210 | Orc:2    | Found a staircase to the Elven Halls.
 23220 | Orc:2    | Found Nagh's Antique Armour Emporium.
 23222 | Orc:2    | XOM: scenery: create altars
 23268 | Orc:2    | Found Vant's Antique Weapon Boutique.
 23268 | Orc:2    | Found Wuyps's Book Shop.
 23268 | Orc:2    | XOM: 6-stop teleportation journey
 23371 | Orc:2    | Bought shiny fire dragon scales for 1638 gold pieces
 23619 | Orc:2    | XOM is BORED!
 23619 | Orc:2    | XOM: mild Fire miscast
 23633 | Orc:2    | XOM: give mutation
 23633 | Orc:2    | Gained mutation: Your mind is very acute. (Int +4) [Xom's grace]
 23732 | Orc:2    | Bought a Grand Grimoire for 1656 gold pieces
 24127 | Shoals:1 | Entered Level 1 of the Shoals
 24127 | Shoals:1 | Noticed Donald
 24130 | Shoals:1 | XOM: scenery: create altars
 24138 | Shoals:1 | Killed Donald
 24144 | Shoals:1 | Reached XP level 16. HP: 101/147 MP: 28/28
 24152 | Shoals:1 | XOM: divination: detect items
 24174 | Shoals:1 | Learned a level 3 spell: Confuse
 24178 | Shoals:1 | Learned a level 3 spell: Portal Projectile
 24182 | Shoals:1 | Learned a level 3 spell: Tukima's Dance
 24186 | Shoals:1 | Learned a level 3 spell: Gell's Gravitas
 24190 | Shoals:1 | Learned a level 3 spell: Dazzling Spray
 24194 | Shoals:1 | Learned a level 3 spell: Recall
 24197 | Shoals:1 | Learned a level 2 spell: Swiftness
 24200 | Shoals:1 | XOM: 1-stop teleportation journey
 24271 | Shoals:1 | XOM: harmless Hex miscast
 24335 | Shoals:1 | XOM: 4-stop teleportation journey
 24375 | Shoals:1 | Noticed Frances
 24381 | Shoals:1 | XOM: chaos upgrade
 24390 | Shoals:1 | Killed Frances
 24390 | Shoals:1 | Reached skill level 1 in Charms
 24541 | Shoals:1 | XOM: 2-stop teleportation journey
 24553 | Shoals:1 | XOM: enchant monster (bad)
 24588 | Shoals:1 | Noticed Aizul
 24590 | Shoals:1 | XOM: destruction
 24593 | Shoals:1 | XOM: smoke on damage
 24604 | Shoals:1 | Killed Aizul
 24625 | Shoals:1 | XOM: 1-stop teleportation journey
 24655 | Shoals:1 | XOM: harmless Necr miscast
 24695 | Shoals:1 | XOM is BORED!
 24695 | Shoals:1 | XOM: give mutations
 24695 | Shoals:1 | Lost mutation: Your body sometimes deteriorates upon taking damage. [Xom's mischief]
 24695 | Shoals:1 | Gained mutation: Armour fits poorly on your strangely shaped body. [Xom's mischief]
 24695 | Shoals:1 | Lost mutation: You are clumsy. (Dex -2) [Xom's mischief]
 24695 | Shoals:1 | Lost mutation: You have hoof-like feet. [Xom's mischief]
 24911 | Shoals:1 | XOM: noise
 25057 | Shoals:1 | XOM: 4-stop teleportation journey
 25060 | Shoals:1 | XOM: fog
 25294 | Shoals:2 | Upgraded the game from 0.21-a0-634-gaf8bc5d to 0.22-a0-48-g8770677
 25311 | Shoals:2 | Noticed Nikola
 25316 | Shoals:2 | XOM: summons friendly white imp
 25318 | Shoals:2 | Killed from afar by Nikola

Vault maps used:
D:1:      nzn_arrival_settlement, kennysheep_pointless_box,
          corexii_leaking_fountain
D:2:      first_ration, uniq_robin
D:4:      kennysheep_mini_moat, minmay_temple_entry_junction_2,
          hangedman_abyss_or_decor_stagger, minmay_statues_item,
          supply_closet_lemuel, uniq_sigmund
D:5:      old_standard_altar, cheibrodos_sewer_entry_bend
D:7:      old_standard_altar, kennysheep_mini, lemuel_round_altar, uniq_menkaure
D:8:      old_standard_altar
D:9:      serial_shops, shop
D:10:     lemuel_bear_cage
D:11:     due_lair_maze_entry_diamond, david_orc_5, serial_shops,
          nicolae_shop_waterfront, uniq_erica
D:12:     minivault_25, david_nohive_1, lemuel_freeze_loot_1, uniq_snorg,
          uniq_fannar
D:14:     minmay_the_grid_triangle_9x9_rhombus_full,
          grunt_vaults_entry_fortified, minmay_misc_feat_more_columns
D:15:     grunt_enter_depths_hoard, minmay_misc_feat_pillars, basic_altar,
          uniq_azrael
Lair:1:   serial_bayou_shore_a
Lair:2:   minmay_shoals_entry_centaurs, dummy_spider_entry
Lair:3:   beast_lair_carwin_5
Lair:4:   roderic_carrion_pond, grunt_megastairs_5
Lair:5:   slime_dummy
Lair:6:   minmay_lair_end_frog_pond, uniq_kirke
Shoals:1: uniq_donald, uniq_aizul, uniq_frances
Shoals:2: serial_shops, shop, nicolae_shoals_square_sea_wall, uniq_nikola
Orc:2:    grunt_orc_gardens, grunt_orc_garden, grunt_orc_garden,
          grunt_orc_garden, grunt_orc_garden
Sewer:    sewer_co_tree

Skill      XL: |  1  2  3  4  5  6  7  8  9 10 11 12 13 14 15 16 |
---------------+-------------------------------------------------+-----
Axes           | 3 4 7 9 11 13 14 15 | 15.9
Fighting       | 5 9 10 | 10.1
Armour         | 5 9 10 | 10.0
Dodging        | 5 10 | 10.0
Spellcasting   | 5 6 9 |  9.6
Hexes          | 2 5 |  5.3
Throwing       | 5 10 | 10.1
Translocations | 5 |  5.2
Evocations     | 5 |  5.1
Ice Magic      | 4 5 |  5.7
Charms         | 3 |  3.7
Shields        | |  3.6

Action                   |  1- 3 |  4- 6 |  7- 9 | 10-12 | 13-15 | 16-18 || total
-------------------------+-------+-------+-------+-------+-------+-------++-------
Melee: War axe           |    82 |    64 |   261 |       |       |       ||   407
       Headbutt          |    11 |     9 |    55 |    79 |   225 |     8 ||   387
       Hand axe          |       |       |    81 |       |       |       ||    81
       Battleaxe         |       |       |    33 |   488 |   809 |    58 ||  1388
       Kick              |       |       |    12 |   122 |   109 |       ||   243
       Flail             |       |       |       |     7 |    12 |       ||    19
       Unarmed           |       |       |       |       |    21 |       ||    21
       Dire flail        |       |       |       |       |    71 |       ||    71
Throw: Tomahawk          |    17 |    31 |   116 |   246 |   230 |    95 ||   735
       Javelin           |       |       |       |    37 |   128 |    20 ||   185
 Cast: Corona            |       |       |       |       |     4 |     3 ||     7
       Apportation       |       |       |       |       |     2 |       ||     2
       Confuse           |       |       |       |       |       |     3 ||     3
       Portal Projectile |       |       |       |       |       |     2 ||     2
       Gell's Gravitas   |       |       |       |       |       |     1 ||     1
Evoke: Phial of floods   |       |       |       |     1 |     3 |       ||     4
       Wand              |       |       |       |     4 |    37 |       ||    41
       Lamp of fire      |       |       |       |       |     2 |       ||     2
  Use: Scroll            |     6 |     3 |     6 |    19 |    18 |       ||    52
       Potion            |     1 |       |     2 |     5 |    28 |     2 ||    38
 Stab: Petrified         |       |       |     3 |       |     7 |       ||    10
       Confused          |       |       |       |     1 |     1 |       ||     2
       Distracted        |       |       |       |     1 |     1 |       ||     2
       Petrifying        |       |       |       |       |     1 |       ||     1
  Eat: Chunk             |     2 |       |    10 |     8 |    10 |     2 ||    32
       Ration            |       |     1 |     3 |     5 |     7 |       ||    16
Armor: Scale mail        |    13 |       |       |       |       |    32 ||    45
       Ring mail         |    19 |    25 |       |       |       |       ||    44
       Plate armour      |       |     6 |   205 |   287 |   609 |     2 ||  1109
       Fire dragon scale |       |       |       |       |     5 |       ||     5
       Skin              |       |       |       |       |     1 |       ||     1
Dodge: Dodged            |    29 |    24 |    54 |   162 |   473 |    39 ||   781
Block: Shield            |    43 |    37 |   129 |       |       |       ||   209
       Other             |       |       |       |   110 |   247 |    16 ||   373

Table legend:
 A = Spawn XP
 B = Non-spawn XP
 C = Spawn XP percentage of total XP
 D = Spawn monster count
 E = Non-spawn monster count
 F = Spawn count percentage of total count
 G = Total turns spent on level
                    A         B        C        D         E        F      G
               +---------+---------+-------+---------+---------+-------+---------
         Total |       0 |  167798 |   0.0 |       0 |     862 |   0.0 | 25318
               +---------+---------+-------+---------+---------+-------+---------
           D:1 |       0 |      27 |   0.0 |       0 |      17 |   0.0 |   821
           D:2 |       0 |      67 |   0.0 |       0 |      24 |   0.0 |   761
           D:3 |       0 |     238 |   0.0 |       0 |      15 |   0.0 |   767
           D:4 |       0 |     789 |   0.0 |       0 |      25 |   0.0 |   739
           D:5 |       0 |    1107 |   0.0 |       0 |      28 |   0.0 |  1054
           D:6 |       0 |    1375 |   0.0 |       0 |      41 |   0.0 |  1020
           D:7 |       0 |    1364 |   0.0 |       0 |      20 |   0.0 |   929
           D:8 |       0 |    2017 |   0.0 |       0 |      34 |   0.0 |   631
           D:9 |       0 |    1804 |   0.0 |       0 |      12 |   0.0 |   681
          D:10 |       0 |     790 |   0.0 |       0 |       6 |   0.0 |   762
          D:11 |       0 |    5603 |   0.0 |       0 |      53 |   0.0 |  1787
          D:12 |       0 |   12414 |   0.0 |       0 |      63 |   0.0 |  1325
          D:13 |       0 |    5263 |   0.0 |       0 |      17 |   0.0 |   671
          D:14 |       0 |   38352 |   0.0 |       0 |      92 |   0.0 |  2090
          D:15 |       0 |    8799 |   0.0 |       0 |      30 |   0.0 |  1219
        Lair:1 |       0 |    1371 |   0.0 |       0 |       8 |   0.0 |   839
        Lair:2 |       0 |    6777 |   0.0 |       0 |      40 |   0.0 |  1440
        Lair:3 |       0 |    7185 |   0.0 |       0 |      30 |   0.0 |  1034
        Lair:4 |       0 |    6738 |   0.0 |       0 |      37 |   0.0 |   943
        Lair:5 |       0 |    9839 |   0.0 |       0 |      38 |   0.0 |   875
        Lair:6 |       0 |   21157 |   0.0 |       0 |      84 |   0.0 |  1409
      Shoals:1 |       0 |   15388 |   0.0 |       0 |      22 |   0.0 |  1060
      Shoals:2 |       0 |    1236 |   0.0 |       0 |       4 |   0.0 |   121
         Orc:1 |       0 |    4035 |   0.0 |       0 |      43 |   0.0 |   569
         Orc:2 |       0 |   13744 |   0.0 |       0 |      51 |   0.0 |  1005
         Sewer |       0 |     319 |   0.0 |       0 |      28 |   0.0 |   766
               +---------+---------+-------+---------+---------+-------+---------
